 Dungeon Crawl Stone Soup version 0.24.0-13-gcf9b319 (webtiles) character file.

Game seed: 16903269562153334429, levelgen mode: deterministic

50 silenth the Vexing (level 3, 0/24 HPs)
             Began as a Vampire Enchanter on Jan 15, 2020.
             Succumbed to an adder's poison
             ... on level 2 of the Dungeon.
             The game lasted 00:01:26 (890 turns).

silenth the Vexing (Vampire Enchanter)               Turns: 890, Time: 00:01:26

Health: 0/24       AC:  3    Str:  7    XL:     3   Next: 55%
Magic:  0/6        EV: 12    Int: 18    God:
Gold:   68         SH:  0    Dex: 14    Spells: 1/7 levels left

rFire    . . .     SeeInvis +   a - +1 dagger
rCold    . . .     Gourm    .   (no shield)
rNeg     . . .     Faith    .   b - +0 robe
rPois    .         Spirit   .   (no helmet)
rElec    .         Reflect  .   (no cloak)
rCorr    .         Harm     .   c - +0 pair of gloves
MR       .....                  (no boots)
Stlth    +++.......             (no amulet)
HPRegen  0.28/turn              (no ring)
MPRegen  0.10/turn              (no ring)

@: lethally poisoned (0 -> -1), regenerating quickly
A: no food, fangs 3, see invisible, unbreathing
a: Exsanguinate


You were on level 2 of the Dungeon.
You were alive.

You visited 1 branch of the dungeon, and saw 2 of its levels.

You collected 68 gold pieces.

Inventory:

Hand Weapons
 a - a +1 dagger (weapon)
Armour
 b - a +0 robe (worn)
 c - a +0 pair of gloves (worn)
Scrolls
 e - 5 scrolls of identify {unknown}
 f - a scroll of remove curse {unknown}
 h - a scroll of teleportation {unknown}
 j - a scroll of enchant armour {unknown}
 l - a scroll of enchant weapon {unknown}
Potions
 d - a potion of magic {unknown}
 g - a potion of invisibility {unknown}
 i - a potion of brilliance {unknown}
 k - a potion of agility {unknown}
 m - a potion of curing {unknown}


   Skills:
 - Level 1.1 Short Blades
 - Level 2.1 Dodging
 + Level 5.2 Stealth
 + Level 2.5 Spellcasting
 + Level 5.2 Hexes
 + Level 1.0 Ice Magic


You had one spell level left.
You knew the following spells:

 Your Spells              Type           Power        Failure   Level  Hunger
a - Corona                Hex            ###....      1%          1    N/A
b - Ensorcelled Hibernat  Hex/Ice        ##....       7%          2    N/A
c - Confuse               Hex            ###.....     6%          3    N/A

Your spell library contained the following spells:

 Spells                   Type           Power        Failure   Level  Hunger
 Tukima's Dance           Hex            ###.....     6%          3    N/A
 Dazzling Spray           Conj/Hex       ##....       17%         3    N/A

Dungeon Overview and Level Annotations

Branches:
Dungeon (2/15)

Altars:


Innate Abilities, Weirdness & Mutations

You do not eat.
Your natural rate of healing is unusually fast.
You have razor-sharp teeth.
You have supernaturally acute eyesight. (SInv)
You can survive without breathing.


Message History

You are more poisoned.
The adder poisons you!
You hit the adder.
The adder is heavily wounded.
The adder bites you.
* * * LOW HITPOINT WARNING * * *
You barely miss the adder.
The adder is heavily wounded.
You feel sick. The adder bites you but does no damage.
You hit the adder.
The adder is severely wounded.
The adder barely misses you.
Okay, then.
You hit the adder but do no damage.
The adder is severely wounded.
The adder bites you.
* * * LOW HITPOINT WARNING * * *
You hit the adder but do no damage.
The adder is severely wounded.
You die...

##############
#...†........# #
#.##########.#.## #.#
#....# #.# #.....# #.#
#....## ####S###
#...... #...@..####
###.### #.#...†...# .#
#.#..#.##.# #+##
#.#..#.##.# ##...##
#.#....##.# ##.....#
#.#.##..#.# ##.......
#.........###........
.............'........
####.#....####........


You could see an adder.

Vanquished Creatures
  2 adders (D:2)
  2 worms (D:2)
  A dart slug (D:1)
  A ball python (D:2)
  3 bats
  2 giant cockroaches
  2 goblins (D:2)
  2 hobgoblins (D:2)
  2 kobolds
  3 quokkas (D:2)
  2 frilled lizards
  A rat (D:1)
23 creatures vanquished.

Notes
Turn   | Place    | Note
-------+----------+-------------------------------------------
     0 | D:1      | silenth the Vampire Enchanter began the quest for the Orb.
     0 | D:1      | Reached XP level 1. HP: 13/13 MP: 3/3
   205 | D:1      | Reached XP level 2. HP: 19/19 MP: 5/5
   272 | D:1      | Learned a level 2 spell: Ensorcelled Hibernation
   520 | D:2      | Reached skill level 5 in Stealth
   520 | D:2      | Reached skill level 5 in Hexes
   529 | D:2      | Reached XP level 3. HP: 4/24 MP: 6/6
   623 | D:2      | Learned a level 3 spell: Confuse
   714 | D:2      | Reached skill level 1 in Ice Magic
   889 | D:2      | HP: 1/24 [adder (5)]
   890 | D:2      | Succumbed to an adder's poison

Levels and vault maps discovered:
D:1:      dpeg_arrival_lava_altar, layout_rooms, due_unseen_surprise
D:2:      layout_loops_corners, nicolae_overflow_crystal_walls, uniq_jessica

Skill      XL: |  1  2  3 |
---------------+----------+-----
Stealth        | 5 |  5.2
Hexes          | 5 |  5.2
Ice Magic      | 1 |  1.0
Short Blades   | |  1.1
Dodging        | |  2.1
Spellcasting   | |  2.5

Action                   || total
-------------------------++-------
Melee: Dagger            ||   111
       Bite              ||     5
 Cast: Corona            ||     2
       Ensorcelled Hiber ||     5
 Stab: Sleeping          ||     7
Armor: Robe              ||    25
Dodge: Dodged            ||    60
